 Dungeon Crawl Stone Soup version 0.24.0-1-gfbc8707 (webtiles) character file.

Game seed: 145682566272715239, levelgen mode: deterministic

256 Charmandara the Covert (level 6, -1/35 HPs)
             Began as a Gargoyle Assassin on Nov 8, 2019.
             Killed from afar by an orc wizard (7 damage)
             ... with a puff of flame
             ... on level 3 of the Dungeon.
             The game lasted 00:04:08 (2003 turns).

Charmandara the Covert (Gargoyle Assassin)          Turns: 2003, Time: 00:04:09

Health: -1/35      AC:  8    Str: 16    XL:     6   Next: 15%
Magic:  6/6        EV: 11    Int: 12    God:
Gold:   81         SH:  0    Dex: 11    Spells: 5/5 levels left

rFire    . . .     SeeInvis .   a - +2 dagger
rCold    . . .     Gourm    .   (no shield)
rNeg     + . .     Faith    .   b - +0 robe
rPois    ∞         Spirit   .   p - +0 helmet
rElec    +         Reflect  .   c - +0 cloak
rCorr    .         Harm     .   (no gloves)
MR       .....                  (no boots)
Stlth    ++++......             (no amulet)
HPRegen  0.11/turn              (no ring)
MPRegen  0.10/turn              (no ring)

@: no status effects
A: negative energy resistance 1, electricity resistance, unbreathing,
petrification resistance, rot immunity, AC +4
a: no special abilities


You were on level 3 of the Dungeon.
You were not hungry.

You visited 1 branch of the dungeon, and saw 3 of its levels.

You collected 81 gold pieces.

Inventory:

Hand Weapons
 a - a +2 dagger (weapon)
 s - a +0 war axe
   (You took it off a goblin on level 2 of the Dungeon)
Missiles
 d - 15 poisoned darts (quivered)
 e - 2 curare-tipped darts
Armour
 b - a +0 robe (worn)
 c - a +0 cloak (worn)
 p - a +0 helmet (worn)
   (You found it on level 2 of the Dungeon)
Jewellery
 k - an uncursed ring of ice {rC+, rF-}
   (You found it on level 1 of the Dungeon)
Wands
 u - a wand of polymorph (8)
   (You found it on level 3 of the Dungeon)
Scrolls
 l - a scroll of remove curse {unknown}
 n - a scroll of magic mapping {unknown}
 q - a scroll of fear {unknown}
 r - 2 scrolls of teleportation {unknown}
 v - a scroll of amnesia {unknown}
Potions
 g - a potion of lignification {!q}
 h - a potion of invisibility
 i - a potion of curing {unknown}
 m - a potion of berserk rage {unknown}
 o - a potion of cancellation {unknown}
Comestibles
 f - 5 rations
 t - a chunk of flesh {@w0}


   Skills:
 - Level 2.1 Fighting
 - Level 1.7 Short Blades
 - Level 1.7 Throwing
 - Level 1.0 Dodging
 + Level 8.4 Stealth


You had 5 spell levels left.
You didn't know any spells.
Your spell library was empty.

Dungeon Overview and Level Annotations

Branches:
Dungeon (3/15)

Altars:


Innate Abilities, Weirdness & Mutations

You are resistant to torment.
Your stone body is resilient. (AC +4)
You are immune to poison.
You resist negative energy. (rN+)
You are resistant to electric shocks. (rElec)
You can survive without breathing.
You are immune to petrification.
You are immune to rotting.


Message History

You impale the bat!!
You kill the bat!
You see here a bat corpse.
You butcher the bat corpse.
t - 2 chunks of flesh {@w0} (gained 1)
You see here a bat skeleton.
Eating one of 2 chunks of flesh {@w0}.
You eat one of the 2 chunks of flesh {@w0}.
There is a stone staircase leading up here.
u - a wand of polymorph (9) Health restored: 35
v - a scroll labeled HUONAN JINGU A frilled lizard and an adder come into view.
There are monsters nearby!
There are monsters nearby!
As you read the scroll labeled BEM GYEGROSAHEL, it crumbles to dust.
It is a scroll of identify.
g - a potion of lignification
As you read the scroll of identify, it crumbles to dust.
h - a potion of invisibility The helpless adder fails to defend itself.
You impale the adder!!
You kill the adder!
The frilled lizard hisses angrily.
The frilled lizard bites you.
You take 2 damage, and have 33/35 hp.
You closely miss the frilled lizard.
The frilled lizard bites you but does no damage.
You closely miss the frilled lizard. The frilled lizard barely misses you.
You hit the frilled lizard.
You kill the frilled lizard!
An orc wizard comes into view. It is wielding a +0 dagger.
An orc wizard is nearby!
An orc and an orc priest come into view.
An orc comes into view. It is wielding a +0 falchion.
The orc shouts!
The orc priest shouts!
The orc shouts!
The orc wizard points at you and mumbles some strange words.
The magic dart hits you but does no damage.
The orc priest hits you but does no damage.
You hit the orc. The orc hits you with a +0 falchion.
You take 1 damage, and have 33/35 hp.
You hit the orc. The orc barely misses you.
You hit the orc.
You kill the orc!
Okay, then.
Okay, then.
You closely miss the orc wizard. The orc wizard closely misses you.
You barely miss the orc wizard.
The orc priest looks encouraged for a moment.
The orc wizard points at you and mumbles some strange words.
The magic dart hits you.
You take 3 damage, and have 31/35 hp.
You hit the orc wizard. The orc wizard closely misses you.
You hit the orc wizard. The orc wizard closely misses you.
You hit the orc wizard but do no damage.
You closely miss the orc wizard.
The orc wizard casts a spell.
The orc wizard seems to speed up.
The orc priest mumbles some strange prayers to Beogh against you.
Beogh smites you!
You take 9 damage, and have 22/35 hp.
MASSIVE DAMAGE!!
You barely miss the orc wizard.
The orc wizard hits you but does no damage. x2
You hit the orc wizard. The orc wizard closely misses you.
The orc priest miscasts a cantrip.
Unknown command.
You hit the orc wizard.
The orc wizard points at you and mumbles some strange words.
The puff of frost hits you but does no damage.
The orc wizard misses you.
You barely miss the orc wizard.
The orc wizard gestures at you while chanting.
The puff of frost hits you.
You take 5 damage, and have 18/35 hp.
You hit the orc wizard but do no damage.
The orc wizard hits you with a cursed +0 dagger.
The orc priest calls upon Beogh to heal the orc wizard.
The orc wizard is healed somewhat.
You take 1 damage, and have 17/35 hp.
You hit the orc wizard.
The orc wizard hits you with a cursed +0 dagger.
The orc wizard looks satisfied for a moment.
You take 1 damage, and have 16/35 hp.
Unknown command.
You hit the orc wizard but do no damage.
The orc wizard hits you with a cursed +0 dagger.
You take 2 damage, and have 14/35 hp.
Okay, then.
Aim: an orc wizard, wielding a +0 dagger and wearing a +0 robe (severely wounded, fast, chance to defeat MR: 46%)
The orc wizard resists with some effort.
The orc wizard points at you and mumbles some strange words.
The puff of flame hits you!
* * * LOW HITPOINT WARNING * * *
The orc wizard hits you but does no damage.
You take 8 damage, and have 6/35 hp.
MASSIVE DAMAGE!!
The orc wizard casts a spell at you. The puff of flame hits you!
You die...

....[.###.###
#.#.........#
#.#.......#.#
#.#.#.......## #
..##.........##.##
####.#........##.#
...#.#....##.#.#
#......#.##.# #?#
#.........#.####@#
..##...##...#oo..#
.# ##.####..#o####
#+ ##.#)# ##..o#
#..### #......#
#....##.# #......
#


You could see an orc priest, an orc wizard and an orc.

Vanquished Creatures
  Sigmund (D:2)
  A hound skeleton (D:3)
  4 adders
  An ooze (D:1)
  A worm (D:2)
  A dart slug (D:1)
  2 leopard geckos
  An orc (D:3)
  7 bats
  2 giant cockroaches
  5 goblins
  3 hobgoblins (D:1)
  3 kobolds
  A quokka (D:2)
  3 frilled lizards
  6 rats
  A plant (D:1)
43 creatures vanquished.

Notes
Turn   | Place    | Note
-------+----------+-------------------------------------------
     0 | D:1      | Charmandara the Gargoyle Assassin began the quest for the
                  | Orb.
     0 | D:1      | Reached XP level 1. HP: 12/12 MP: 1/1
    62 | D:1      | Reached skill level 1 in Dodging
   174 | D:1      | Reached XP level 2. HP: 17/17 MP: 2/2
   373 | D:1      | Reached skill level 5 in Stealth
   763 | D:1      | Reached XP level 3. HP: 21/21 MP: 3/3
  1162 | D:2      | Reached skill level 6 in Stealth
  1302 | D:2      | Noticed Sigmund
  1312 | D:2      | Killed Sigmund
  1312 | D:2      | Reached skill level 7 in Stealth
  1312 | D:2      | Reached XP level 4. HP: 18/26 MP: 4/4
  1312 | D:2      | Reached XP level 5. HP: 21/30 MP: 5/5
  1583 | D:2      | Reached skill level 8 in Stealth
  1833 | D:3      | Reached XP level 6. HP: 34/35 MP: 6/6
  2002 | D:3      | HP: 6/35 [orc wizard/puff of flame (8)]
  2003 | D:3      | Killed from afar by an orc wizard

Levels and vault maps discovered:
D:1:      nicolae_arrival_somewhat_less_tricky_arrival, layout_rooms,
          serial_forest, infiniplex_forest_clump_medium,
          infiniplex_forest_end_double, infiniplex_forest_clump_tiny,
          infiniplex_forest_diagonal, infiniplex_forest_join,
          infiniplex_forest_lined_1, infiniplex_forest_clump_cross
D:2:      layout_loops_cross, serial_bayou, serial_bayou_shore_b,
          serial_bayou_pond_d, serial_bayou_pond_e, serial_bayou_pond_c,
          minmay_hexomino_u4, uniq_sigmund
D:3:      layout_basic, marbit_many_paths, nemelex_lonely_heart_becter

Skill      XL: |  1  2  3  4  5 |
---------------+----------------+-----
Dodging        | 1 |  1.0
Stealth        | 5 7 8 |  8.4
Fighting       | |  2.1
Short Blades   | |  1.7
Throwing       | |  1.7

Action                   |  1- 3 |  4- 6 || total
-------------------------+-------+-------++-------
Melee: Dagger            |   170 |    77 ||   247
Throw: Dart              |     5 |       ||     5
Evoke: Wand              |       |     1 ||     1
  Use: Scroll            |       |     2 ||     2
 Stab: Sleeping          |     9 |     2 ||    11
  Eat: Chunk             |     1 |     3 ||     4
Armor: Robe              |    27 |    34 ||    61
Dodge: Dodged            |    36 |    54 ||    90

Levels and vault maps discovered:
D:1:      nicolae_arrival_somewhat_less_tricky_arrival, layout_rooms,
          serial_forest, infiniplex_forest_clump_medium,
          infiniplex_forest_end_double, infiniplex_forest_clump_tiny,
          infiniplex_forest_diagonal, infiniplex_forest_join,
          infiniplex_forest_lined_1, infiniplex_forest_clump_cross
D:2:      layout_loops_cross, serial_bayou, serial_bayou_shore_b,
          serial_bayou_pond_d, serial_bayou_pond_e, serial_bayou_pond_c,
          minmay_hexomino_u4, uniq_sigmund
D:3:      layout_basic, marbit_many_paths, nemelex_lonely_heart_becter

Table legend:
 A = Turns spent in this place as a percentage of turns spent in the entire game.
 B = Non-inter-level travel turns spent in this place as a percentage of non-inter-level travel turns spent in the entire game.
 C = Inter-level travel turns spent in this place as a percentage of turns spent in this place.
 D = Turns resting spent in this place as a percentage of non-inter-level travel turns spent in this place.
 E = Turns spent auto-exploring this place as a percentage of non-inter-level travel turns spent in this place.
 F = Non-inter-level travel turns spent in this place divided by the number of levels of this place that you've seen.
                   A       B       C       D       E      F
               +-------+-------+-------+-------+-------+----------------------
         Total | 100.0 | 100.0 |   2.7 |  12.8 |  58.3 | 649.3
       Dungeon | 100.0 | 100.0 |   2.7 |  12.8 |  58.3 | 649.3
               +-------+-------+-------+-------+-------+----------------------

Table legend:
 A = Kills in this place as a percentage of kills in entire the game.
 B = Kills by you in this place as a percentage of kills by you in the entire game.
 C = Kills by friends in this place as a percentage of kills by friends in the entire game.
 D = Other kills in this place as a percentage of other kills in the entire game.
 E = Experience gained in this place as a percentage of experience gained in the entire game.
 F = Experience gained in this place divided by the number of levels of this place that you have seen.
                   A       B       C       D       E      F
               +-------+-------+-------+-------+-------+----------------------
         Total | 100.0 | 100.0 |   N/A |   N/A | 100.0 | 122.0
       Dungeon | 100.0 | 100.0 |   N/A |   N/A | 100.0 | 122.0
               +-------+-------+-------+-------+-------+----------------------
